[Event "December 5 Early 2023"]
[Site "https://www.chess.com"]
[Date "2023.12.05"]
[Round "8"]
[White "Movahed, Sina"]
[Black "Nakamura, Hikaru"]
[Result "0-1"]
[Board "10"]
[TimeControl "180+1"]
[WhiteFideId "42520835"]
[BlackFideId "2016192"]
[WhiteElo "2931"]
[BlackElo "3242"]
[WhiteTeam "IRI"]
[BlackTeam "USA"]
[WhiteClock "0:00:06"]
[BlackClock "0:00:04"]

1. Nf3 g6 2. e4 Bg7 3. d4 a6 4. c4 d6 5. Nc3 c6 6. h3 b5 7. Bd3 Nf6 8. O-O O-O 9. Re1 Nfd7 10. Be3 b4 11. Na4 a5 12. Rc1 Ba6 13. c5 Bb5 14. cxd6 exd6 15. b3 Na6 16. Bxb5 cxb5 17. Nb2 d5 18. e5 Nc7 19. Nd3 Ne6 20. Nf4 Nxf4 21. Bxf4 Re8 22. Rc6 Nf8 23. Qd2 Ne6 24. Bg5 Qd7 25. Rd6 Qb7 26. Bh6 Bxh6 27. Qxh6 Rac8 28. h4 Rc2 29. h5 a4 30. hxg6 fxg6 31. Nh2 Qg7 32. Qh4 h5 33. Nf3 Rxa2 34. Ng5 Nf8 35. Qh3 Qe7 36. Qg3 a3 37. Nf3 Qxd6 38. exd6 Rxe1+ 39. Nxe1 Re2 40. d7 Rxe1+ 41. Kh2 Nxd7 42. Qxg6+ Kf8 43. Qd6+ Ke8 44. Qxb4 Re4 45. Qxa3 Rxd4 46. Qa6 b4 47. Qg6+ Kd8 48. Qxh5 Rd3 49. g4 Rxb3 50. g5 Rb2 51. Kg2 Rc2 52. g6 Nf6 53. Qh8+ Ke7 54. Qg7+ Ke6 55. Qf7+ Kf5 56. g7 Rc8 57. Qb7 Rg8 58. Kf3 b3 59. Qc7 b2 60. Qc2+ Ke6 61. Qxb2 Rxg7 62. Ke3 Re7 63. f3 Kf7+ 64. Kf4 Re6 65. Kf5 Ng8 66. Qd4 Ne7+ 67. Kg4 Rg6+ 68. Kf4 Rf6+ 69. Kg4 Rg6+ 70. Kh3 Rg3+ 71. Kh2 Rxf3 72. Qe5 Rf5 73. Qd6 Rf6 74. Qd7 Rf4 75. Kg3 Re4 76. Kf3 Kf6 77. Qd6+ Re6 78. Qf4+ Nf5 79. Qh2 Re3+ 80. Kf2 d4 81. Qh8+ Ke6 82. Qe8+ Kd5 83. Qb5+ Ke4 84. Qc6+ Ke5 85. Qc7+ Ke4 86. Qc6+ Kf4 87. Qc7+ Re5 88. Qc1+ Ne3 89. Ke2 Rd5 90. Kd3 Ke5 91. Qc7+ Ke6 92. Qc6+ Rd6 93. Qe4+ Kd7 94. Qe5 Kc6 95. Ke4 Nc4 96. Qe8+ Kc5 97. Kd3 Nb2+ 98. Kc2 Nc4 99. Kd3 Nb6 100. Qe5+ Kc6 101. Qe4+ Kc7 102. Qe7+ Nd7 103. Qe1 Nc5+ 104. Kc4 Ne6 105. Qa5+ Kd7 106. Kd3 Rc6 107. Qd5+ Kc7 108. Qe5+ Kb6 109. Qb8+ Kc5 110. Qe5+ Kb6 111. Qb8+ Ka6 112. Qa8+ Kb5 113. Qb7+ Kc5 114. Kd2 Nc7 115. Qb3 Nb5 116. Qc2+ Kb6 117. Qe4 Rc3 118. Qe6+ Kc5 119. Qe5+ Kc4 120. Qe6+ Kb4 121. Qe7+ Kb3 122. Qe6+ Ka4 123. Qa6+ Kb4 124. Qf6 Rc5 125. Qe7 Kc4 126. Qf7+ Kb4 127. Qa2 Rc3 128. Qd5 d3 129. Qd6+ Nxd6 0-1

[Event "December 5 Early 2023"]
[Site "https://www.chess.com"]
[Date "2023.12.05"]
[Round "8"]
[White "Naroditsky, Daniel"]
[Black "Kovalev, Vladislav"]
[Result "1-0"]
[Board "11"]
[TimeControl "180+1"]
[WhiteFideId "2026961"]
[BlackFideId "13504398"]
[WhiteElo "3163"]
[BlackElo "2918"]
[WhiteTeam "USA"]
[BlackTeam "FID"]
[WhiteClock "0:00:05"]
[BlackClock "0:00:03"]

1. e4 e5 2. Nf3 Nc6 3. Nc3 Nf6 4. g3 d5 5. exd5 Nxd5 6. Bg2 Nxc3 7. bxc3 Bd6 8. O-O O-O 9. Re1 Re8 10. d3 h6 11. Rb1 Rb8 12. Nd2 Bd7 13. Ne4 Qe7 14. Qh5 Qe6 15. c4 Bb4 16. c3 Be7 17. Be3 b6 18. f4 Rbd8 19. Rf1 Qg4 20. Qxg4 Bxg4 21. Rbe1 Bc8 22. f5 Rxd3 23. f6 gxf6 24. Nxf6+ Bxf6 25. Rxf6 Na5 26. Bxh6 Nxc4 27. Re4 Nd6 28. Rh4 Bf5 29. Bf1 Rd1 30. Kg2 Be4+ 31. Kh3 Bf5+ 32. Kg2 Bg6 33. Be2 Ra1 34. Bf3 Rxa2+ 35. Kh3 e4 36. Bd1 e3 37. Rxg6+ fxg6 38. Bb3+ Nf7 39. Rf4 Re7 40. Bxa2 e2 41. Bxf7+ Rxf7 42. Re4 a5 43. Kg4 Kh7 44. Bg5 Rf2 45. Re7+ Kg8 46. h4 a4 47. Bc1 Rf1 48. Bd2 a3 49. Re8+ Kf7 50. Ra8 e1=Q 51. Bxe1 Rxe1 52. Rxa3 Re4+ 53. Kg5 Re5+ 54. Kf4 Rc5 55. g4 Rc4+ 56. Kg5 Rc5+ 57. Kh6 Rc4 58. Kg5 Kg7 59. Rb3 Rc5+ 60. Kf4 Kf6 61. Kg3 Rc4 62. Ra3 b5 63. Ra6+ c6 64. Ra3 Ke5 65. Kf3 Rf4+ 66. Kg3 Rc4 67. Kf3 Ke6 68. Kg3 Kf6 69. Rb3 Kf7 70. Ra3 Ke6 71. Kf3 Kd6 72. Kg3 Kd5 73. Kf3 Ra4 74. Rb3 Kc4 75. Rb4+ Rxb4 76. cxb4 Kd5 77. h5 gxh5 78. gxh5 Ke5 79. h6 Kf6 80. Ke4 Kg6 81. Ke5 Kxh6 82. Kd6 Kg5 83. Kxc6 1-0

[Event "December 5 Early 2023"]
[Site "https://www.chess.com"]
[Date "2023.12.05"]
[Round "8"]
[White "Vasquez Schroeder, Rodrigo"]
[Black "Caruana, Fabiano"]
[Result "0-1"]
[Board "12"]
[TimeControl "180+1"]
[WhiteFideId "3400042"]
[BlackFideId "2020009"]
[WhiteElo "2916"]
[BlackElo "3075"]
[WhiteTeam "CHI"]
[BlackTeam "USA"]
[WhiteClock "0:00:20"]
[BlackClock "0:00:10"]

1. e4 c5 2. Nf3 Nc6 3. d4 cxd4 4. Nxd4 Nf6 5. Nc3 d6 6. Bg5 e6 7. Qd2 a6 8. O-O-O Bd7 9. f4 h6 10. Bh4 Be7 11. Nf3 Qc7 12. Bxf6 Bxf6 13. Qxd6 Qxd6 14. Rxd6 g5 15. g3 Rc8 16. e5 Be7 17. Rd1 Na5 18. Nd4 Nc4 19. Bxc4 Rxc4 20. Ne4 gxf4 21. gxf4 Rg8 22. c3 b5 23. a3 Bc6 24. Nxc6 Rxc6 25. Rhg1 Rxg1 26. Rxg1 Rc4 27. Re1 a5 28. Kc2 a4 29. Kd3 Rc8 30. Rg1 Kf8 31. Ke3 Rd8 32. Ke2 Rd5 33. Rg3 Rd7 34. Rd3 Rc7 35. Rd4 Kg7 36. Kf3 Kg6 37. Rd2 Kg7 38. Ng3 Kf8 39. Ne4 Kg7 40. Rd4 Kg6 41. Kg4 h5+ 42. Kf3 Kg7 43. Ng3 Kg6 44. Ke4 h4 45. Ne2 f5+ 46. exf6 Kxf6 47. Kf3 Rc5 48. Re4 Rd5 49. Nd4 Kf7 50. Rxe6 Bxa3 51. Re2 Bd6 52. Ke4 Rc5 53. h3 Be7 54. Nf3 Bf6 55. Rd2 a3 56. bxa3 Rxc3 57. Rd5 Rb3 58. Kf5 Rxf3 59. Rxb5 Rxh3 60. Rb7+ Be7 61. Kg4 Rxa3 62. Rb5 Rg3+ 63. Kf5 h3 64. Rb2 Rg2 0-1

[Event "December 5 Early 2023"]
[Site "https://www.chess.com"]
[Date "2023.12.05"]
[Round "8"]
[White "Pranav, V"]
[Black "Sychev, Klementy"]
[Result "0-1"]
[Board "13"]
[TimeControl "180+1"]
[WhiteFideId "25060783"]
[BlackFideId "4114060"]
[WhiteElo "3067"]
[BlackElo "2896"]
[WhiteTeam "IND"]
[BlackTeam "FID"]
[WhiteClock "0:00:00"]
[BlackClock "0:00:02"]

1. e4 d5 2. exd5 Qxd5 3. Nc3 Qa5 4. d4 Nf6 5. Nf3 g6 6. Bc4 Bg7 7. O-O O-O 8. Re1 Bg4 9. h3 Bxf3 10. Qxf3 Nc6 11. d5 Nb4 12. Bb3 Nbxd5 13. Bd2 c6 14. Nxd5 Qxd2 15. Rad1 Qa5 16. Nxe7+ Kh8 17. c3 Rae8 18. Re2 Qc7 19. Rde1 Rd8 20. g3 Rd7 21. h4 Qd8 22. Re3 a6 23. R1e2 Rd2 24. Kg2 Rxe2 25. Qxe2 Qd7 26. Rd3 Qc7 27. Re3 a5 28. h5 Nxh5 29. Nf5 Bf6 30. Nh6 Kg7 31. Ng4 Bg5 32. Re5 Bf6 33. Rxh5 gxh5 34. Ne3 Qe5 35. Bc2 Re8 36. Qf3 Qe6 37. Nf5+ Kh8 38. Qxh5 Qd5+ 39. Kh2 Re1 0-1

[Event "December 5 Early 2023"]
[Site "https://www.chess.com"]
[Date "2023.12.05"]
[Round "8"]
[White "So, Wesley"]
[Black "Bardyk, Artem"]
[Result "1-0"]
[Board "14"]
[TimeControl "180+1"]
[WhiteFideId "5202213"]
[BlackFideId "34349979"]
[WhiteElo "3047"]
[BlackElo "2882"]
[WhiteTeam "USA"]
[BlackTeam "RUS"]
[WhiteClock "0:00:18"]
[BlackClock "0:00:00"]

1. b3 d5 2. Bb2 Bg4 3. h3 Bh5 4. Nf3 Bxf3 5. exf3 e6 6. f4 Nf6 7. Qe2 Bd6 8. g3 a5 9. Qb5+ Nbd7 10. Qxb7 a4 11. Qc6 O-O 12. Bg2 Qb8 13. O-O Nc5 14. Na3 Nfe4 15. d3 Ra6 16. Qb5 Rb6 17. Qa5 Nxd3 18. cxd3 Bb4 19. Qxb6 Qxb6 20. dxe4 dxe4 21. Nc4 Qa7 22. Bxe4 a3 23. Be5 f6 24. Rad1 fxe5 25. Nxe5 Bd6 26. Nc4 Bc5 27. Kg2 g5 28. fxg5 Bxf2 29. Rd7 Qc5 30. Bxh7+ Kh8 31. Be4 Qxg5 32. Rxf2 Rxf2+ 33. Kxf2 Qf6+ 34. Kg2 Qa1 35. Rd2 Kg7 36. Re2 Kf6 37. Nxa3 Qd1 38. Bf3 Qc1 39. Nc4 e5 40. Nxe5 c5 41. h4 c4 42. Nxc4 Kg7 43. a4 Qa1 44. a5 Qf6 45. Ra2 Qa6 46. h5 Kh6 47. Ne3 Qe6 48. Kf2 Kg5 49. a6 Qxb3 50. Bd5 Qb8 51. a7 Qf8+ 52. Bf3 Qc5 53. a8=Q 1-0

[Event "December 5 Early 2023"]
[Site "https://www.chess.com"]
[Date "2023.12.05"]
[Round "8"]
[White "Sarana, Alexey"]
[Black "Kazakouski, Valery"]
[Result "1-0"]
[Board "15"]
[TimeControl "180+1"]
[WhiteFideId "24133795"]
[BlackFideId "13507443"]
[WhiteElo "2994"]
[BlackElo "2872"]
[WhiteTeam "SRB"]
[BlackTeam "LTU"]
[WhiteClock "0:00:09"]
[BlackClock "0:00:00"]

1. d4 Nf6 2. c4 c6 3. Nc3 d5 4. Nf3 dxc4 5. a4 Bf5 6. Ne5 Nbd7 7. Nxc4 Qc7 8. g3 e5 9. dxe5 Nxe5 10. Bf4 Nfd7 11. Bg2 g5 12. Bxe5 Nxe5 13. Qd4 f6 14. Ne3 Bg6 15. O-O-O Qb6 16. Ne4 Be7 17. Nd6+ Kf8 18. f4 Nf7 19. Nec4 Qxd4 20. Rxd4 Nxd6 21. Nxd6 Rd8 22. Rhd1 Rxd6 23. Rxd6 Bxd6 24. Rxd6 Ke7 25. Rd4 a5 26. Be4 gxf4 27. gxf4 Ke6 28. Bf3 Ke7 29. Kd2 Rd8 30. Kc3 Rxd4 31. Kxd4 h6 32. Kc5 Bc2 33. Kb6 Bxa4 34. Kxb7 Kd6 35. Kb6 Bc2 36. Kxa5 c5 37. Kb5 Bf5 38. Kc4 Be6+ 39. Kc3 Bf7 40. e3 Be6 41. Be2 Bd7 42. Bc4 Bc6 43. Kd3 Bb7 44. Ke2 Bc8 45. Kf2 Bf5 46. Kg3 Ke7 47. Kf3 Kd6 48. Kf2 Ke7 49. Kg3 Kf8 50. Kf3 Ke7 51. e4 Bg6 52. e5 Bf5 53. Kg3 Bd7 54. Kh4 Be8 55. Kg4 Bg6 56. f5 Be8 57. e6 Kd6 58. Kf4 Bc6 59. Be2 Be8 60. Bf3 Ke7 61. Bd5 Kd6 62. Bc4 Bc6 63. Ba6 Be8 64. Bc8 Ke7 65. Kg4 1-0

[Event "December 5 Early 2023"]
[Site "https://www.chess.com"]
[Date "2023.12.05"]
[Round "8"]
[White "Klukin, Kirill"]
[Black "Nguyen, Ngoc Truong Son"]
[Result "1-0"]
[Board "16"]
[TimeControl "180+1"]
[WhiteFideId "24199273"]
[BlackFideId "12401110"]
[WhiteElo "2845"]
[BlackElo "2948"]
[WhiteTeam "RUS"]
[BlackTeam "VIE"]
[WhiteClock "0:01:14"]
[BlackClock "0:00:00"]

1. d4 Nf6 2. c4 e6 3. Nc3 d5 4. Bg5 Be7 5. cxd5 exd5 6. e3 c6 7. Bd3 h6 8. Bf4 Be6 9. Nf3 Nbd7 10. Qc2 Nh5 11. Be5 Nxe5 12. dxe5 Qb8 13. h3 g6 14. Ne2 Ng7 15. Ned4 O-O 16. O-O Qc8 17. Rac1 c5 18. Nxe6 Qxe6 19. e4 d4 20. Bc4 Qd7 21. Qb3 Rab8 22. a4 Ne6 23. Ne1 Rfe8 24. Nd3 Bf8 25. f4 Kh8 26. f5 Ng5 27. Rce1 gxf5 28. exf5 Qc7 29. h4 Nh7 30. Bxf7 Re7 31. Bc4 Rg7 32. Nf4 Rg4 33. Qf3 h5 34. Nxh5 Rxh4 35. Nf4 Rh6 36. Ng6+ Kg7 37. Qg4 Re8 38. f6+ 1-0

[Event "December 5 Early 2023"]
[Site "https://www.chess.com"]
[Date "2023.12.05"]
[Round "8"]
[White "IM_ArthurDW08"]
[Black "Khismatullin, Denis"]
[Result "0-1"]
[Board "17"]
[TimeControl "180+1"]
[BlackFideId "4142578"]
[WhiteElo "2818"]
[BlackElo "2938"]
[BlackTeam "RUS"]
[WhiteClock "0:01:02"]
[BlackClock "0:00:38"]

1. e4 c5 2. Nf3 e6 3. d4 cxd4 4. Nxd4 Nf6 5. Bd3 Nc6 6. Nxc6 bxc6 7. O-O d5 8. Nd2 Be7 9. e5 Nd7 10. f4 a5 11. Nf3 Nc5 12. Be2 O-O 13. Nd4 Qc7 14. Be3 a4 15. c4 Rb8 16. b3 axb3 17. axb3 Ne4 18. Rc1 c5 19. Nb5 Qd7 20. f5 dxc4 21. fxe6 Qxd1 22. exf7+ Kh8 23. Rfxd1 cxb3 24. Nd6 Bxd6 25. exd6 b2 26. Rb1 Nc3 27. d7 Bxd7 28. Rxd7 Nxe2+ 29. Kf1 Nc3 30. Rxb2 Rxb2 31. Bxc5 Rb1+ 32. Kf2 Ne4+ 0-1

[Event "December 5 Early 2023"]
[Site "https://www.chess.com"]
[Date "2023.12.05"]
[Round "8"]
[White "Kamsky, Gata"]
[Black "Miladinovic, Igor"]
[Result "1-0"]
[Board "18"]
[TimeControl "180+1"]
[WhiteFideId "2000024"]
[BlackFideId "4203380"]
[WhiteElo "2936"]
[BlackElo "2807"]
[WhiteTeam "USA"]
[BlackTeam "SRB"]
[WhiteClock "0:01:10"]
[BlackClock "0:00:46"]

1. d4 d5 2. Bf4 c5 3. e3 Nc6 4. c3 Qb6 5. Qb3 c4 6. Qc2 e5 7. Bxe5 Bf5 8. Qc1 Nxe5 9. dxe5 f6 10. e6 Bc5 11. Nf3 Ne7 12. Nd4 Bxd4 13. cxd4 Bxb1 14. Rxb1 Qa5+ 15. Qc3 Qxa2 16. Rd1 Qa6 17. b3 b5 18. bxc4 bxc4 19. Be2 Qxe6 20. O-O Kf7 21. Ra1 Rhb8 22. Bf3 f5 23. Ra5 Rb6 24. h3 a6 25. Rfa1 Rab8 26. Qc2 g6 27. g3 h5 28. Qa4 Rb1+ 29. Rxb1 Rxb1+ 30. Kg2 Rb6 31. Rc5 Rb2 32. Qa3 Rb6 33. Qa5 Rd6 34. Qc7 Rc6 35. Rxc6 Qxc6 36. Qxc6 Nxc6 37. Bxd5+ Ke7 38. Bxc6 1-0

[Event "December 5 Early 2023"]
[Site "https://www.chess.com"]
[Date "2023.12.05"]
[Round "8"]
[White "Yuan, Qingyu"]
[Black "Paravyan, David"]
[Result "0-1"]
[Board "19"]
[TimeControl "180+1"]
[WhiteFideId "8609772"]
[BlackFideId "4194985"]
[WhiteElo "2811"]
[BlackElo "2997"]
[WhiteTeam "CHN"]
[BlackTeam "FID"]
[WhiteClock "0:00:42"]
[BlackClock "0:02:04"]

1. Nf3 d5 2. e3 Nf6 3. c4 e6 4. Nc3 Be7 5. b3 O-O 6. Bb2 c5 7. d4 cxd4 8. exd4 dxc4 9. bxc4 b6 10. Be2 Bb7 11. O-O Nbd7 12. Qb3 Rc8 13. Rfd1 Qc7 14. Rac1 Qb8 15. d5 Nc5 16. Qc2 Rfd8 17. dxe6 Nxe6 18. Rxd8+ Rxd8 19. Rd1 Nf4 20. Rxd8+ Qxd8 21. Bd1 Bc5 22. Bc1 Nd3 23. Be3 Bxe3 24. fxe3 Nc5 25. Be2 Qe7 26. Qd2 g6 27. Nd5 Bxd5 28. cxd5 Nfe4 29. Qd4 Nd6 30. Bd3 Nxd3 31. Qxd3 Qc7 32. h3 Qc1+ 33. Kh2 Qb2 34. e4 Qxa2 35. e5 Qc4 36. exd6 Qxd3 37. d7 Qxd5 38. Ne5 Qxe5+ 0-1

[Event "December 5 Early 2023"]
[Site "https://www.chess.com"]
[Date "2023.12.05"]
[Round "8"]
[White "Xiong, Jeffery"]
[Black "Weetik, Vjacheslav"]
[Result "1-0"]
[Board "20"]
[TimeControl "180+1"]
[WhiteFideId "2047640"]
[BlackFideId "4153472"]
[WhiteElo "2996"]
[BlackElo "2795"]
[WhiteTeam "USA"]
[BlackTeam "RUS"]
[WhiteClock "0:01:26"]
[BlackClock "0:00:25"]

1. e4 c6 2. d4 d5 3. exd5 cxd5 4. c4 Nf6 5. Nc3 e6 6. Nf3 Be7 7. cxd5 Nxd5 8. Bd3 Nc6 9. O-O O-O 10. Re1 Nf6 11. a3 b6 12. Bc2 Ba6 13. Bg5 Rc8 14. Rc1 g6 15. h3 Na5 16. Bh6 Re8 17. Ba4 Nc6 18. d5 exd5 19. Nxd5 b5 20. Rxe7 Nxd5 21. Rxe8+ Qxe8 22. Bb3 Nb6 23. Rxc6 Rxc6 24. Qd4 1-0

[Event "December 5 Early 2023"]
[Site "https://www.chess.com"]
[Date "2023.12.05"]
[Round "8"]
[White "Durarbayli, Vasif"]
[Black "Dragnev, Valentin"]
[Result "0-1"]
[Board "21"]
[TimeControl "180+1"]
[WhiteFideId "13402935"]
[BlackFideId "1634852"]
[WhiteElo "2984"]
[BlackElo "2794"]
[WhiteTeam "AZE"]
[BlackTeam "AUT"]
[WhiteClock "0:00:00"]
[BlackClock "0:00:26"]

1. e4 c6 2. d4 d5 3. e5 Bf5 4. Nf3 e6 5. Be2 c5 6. Be3 Nd7 7. c4 Ne7 8. Nc3 dxc4 9. Bxc4 a6 10. O-O Nc6 11. d5 Ncxe5 12. Nxe5 Nxe5 13. Qa4+ b5 14. Nxb5 axb5 15. Bxb5+ Ke7 16. d6+ Kf6 17. Qh4+ Kg6 18. Qg3+ Ng4 19. Rad1 h5 20. Bxc5 h4 21. Qf3 Rb8 22. Bd3 Qg5 23. Be3 Nxe3 24. fxe3 Rxb2 25. e4 Bg4 26. Qxf7+ Kh6 27. Rb1 Rxg2+ 28. Kh1 Bxd6 29. e5 Rxh2+ 0-1

[Event "December 5 Early 2023"]
[Site "https://www.chess.com"]
[Date "2023.12.05"]
[Round "8"]
[White "Yilmaz, Mustafa"]
[Black "Damjanovic, Vuk"]
[Result "1-0"]
[Board "22"]
[TimeControl "180+1"]
[WhiteFideId "6302718"]
[BlackFideId "980021"]
[WhiteElo "2951"]
[BlackElo "2784"]
[WhiteTeam "TUR"]
[BlackTeam "SRB"]
[WhiteClock "0:01:00"]
[BlackClock "0:00:40"]

1. c4 Nc6 2. d4 e5 3. d5 Bb4+ 4. Nd2 Nce7 5. a3 Bxd2+ 6. Qxd2 d6 7. g3 f5 8. Bg2 Nf6 9. Nf3 O-O 10. O-O a5 11. b3 h6 12. Bb2 g5 13. h4 f4 14. hxg5 Ne4 15. Qc2 Bf5 16. g4 Bh7 17. Nxe5 Nxg5 18. Nd3 f3 19. Qc3 Kf7 20. exf3 Rg8 21. Qf6+ Ke8 22. Nf4 Qd7 23. Rae1 Kd8 24. Ne6+ Nxe6 25. Rxe6 Rg6 26. Qh8+ 1-0

[Event "December 5 Early 2023"]
[Site "https://www.chess.com"]
[Date "2023.12.05"]
[Round "8"]
[White "Wagner, Dennis"]
[Black "Maksimovic, Bojan"]
[Result "0-1"]
[Board "23"]
[TimeControl "180+1"]
[WhiteFideId "24650684"]
[BlackFideId "14408120"]
[WhiteElo "2774"]
[BlackElo "2930"]
[WhiteTeam "GER"]
[BlackTeam "BIH"]
[WhiteClock "0:00:27"]
[BlackClock "0:00:37"]

1. e4 a6 2. d4 e6 3. Nf3 d5 4. Nc3 Bb4 5. e5 Bd7 6. Bd2 Bxc3 7. Bxc3 Bb5 8. Bd3 Bxd3 9. Qxd3 Nd7 10. h4 Ne7 11. h5 h6 12. g4 Rc8 13. O-O-O c5 14. Kb1 Qb6 15. Nh4 Qb5 16. Qg3 cxd4 17. Bxd4 Nc6 18. f4 Nxd4 19. Rxd4 Qe2 20. Rc1 Nc5 21. f5 Ne4 22. Qf4 Rc4 23. Rxc4 Qxc4 24. Re1 Nc3+ 25. bxc3 Qxf4 0-1

[Event "December 5 Early 2023"]
[Site "https://www.chess.com"]
[Date "2023.12.05"]
[Round "8"]
[White "Svane, Rasmus"]
[Black "Wagh Suyog"]
[Result "1-0"]
[Board "24"]
[TimeControl "180+1"]
[WhiteFideId "4657101"]
[BlackFideId "25071688"]
[WhiteElo "2929"]
[BlackElo "2771"]
[WhiteTeam "GER"]
[BlackTeam "IND"]
[WhiteClock "0:00:09"]
[BlackClock "0:00:00"]

1. d4 Nf6 2. Nf3 d5 3. c4 e6 4. Nc3 Bb4 5. e3 O-O 6. Bd2 b6 7. cxd5 exd5 8. Rc1 Be7 9. Bd3 c5 10. O-O Nc6 11. Ne5 Bb7 12. Be1 Rc8 13. Bf5 Ra8 14. f4 cxd4 15. exd4 Nxd4 16. Bd3 Ne4 17. Ne2 Nf5 18. Rf3 Bc5+ 19. Kh1 a5 20. Rh3 Qe7 21. Nc3 g6 22. Qe2 f6 23. Nxe4 dxe4 24. Bc4+ Kg7 25. Ng4 Rad8 26. Bc3 Bd4 27. Be1 e3 28. Bd3 Rd5 29. Bxf5 Rxf5 30. Nxe3 Rc5 31. Nf5+ Rxf5 32. Qxe7+ Rf7 33. Rxh7+ Kxh7 34. Qxf7+ Kh6 35. Rc7 Kh5 36. Qh7+ Kg4 37. Qh3+ Kxf4 38. Rxb7 Ke5 39. g4 1-0

[Event "December 5 Early 2023"]
[Site "https://www.chess.com"]
[Date "2023.12.05"]
[Round "8"]
[White "Vokhidov, Shamsiddin"]
[Black "Fier, Alexandr"]
[Result "1-0"]
[Board "25"]
[TimeControl "180+1"]
[WhiteFideId "14204223"]
[BlackFideId "2107139"]
[WhiteElo "2911"]
[BlackElo "2754"]
[WhiteTeam "UZB"]
[BlackTeam "BRA"]
[WhiteClock "0:02:59"]
[BlackClock "0:02:44"]

1. e4 Nf6 2. e5 Nd5 3. d4 d6 4. Nf3 g6 5. Bc4 Nb6 6. Bb3 Bg7 7. Qe2 O-O 8. h3 c5 9. dxc5 dxc5 10. O-O c4 11. Bxc4 Nxc4 12. Qxc4 Nc6 13. Re1 Bf5 14. c3 Nxe5 15. Nxe5 1-0

[Event "December 5 Early 2023"]
[Site "https://www.chess.com"]
[Date "2023.12.05"]
[Round "8"]
[White "Atakhan, Abtin"]
[Black "Zhigalko, Sergei"]
[Result "0-1"]
[Board "26"]
[TimeControl "180+1"]
[WhiteFideId "22502203"]
[BlackFideId "13502956"]
[WhiteElo "2739"]
[BlackElo "2904"]
[WhiteTeam "IRI"]
[BlackTeam "BLR"]
[WhiteClock "0:00:32"]
[BlackClock "0:00:44"]

1. c4 e5 2. Nc3 Nf6 3. Nf3 Nc6 4. e3 Bb4 5. Qc2 O-O 6. Nd5 h6 7. Nxb4 Nxb4 8. Qc3 a5 9. a3 d5 10. b3 d4 11. exd4 exd4 12. Nxd4 Ne4 13. Qb2 Qxd4 14. axb4 Qxf2+ 15. Kd1 Qf5 0-1

[Event "December 5 Early 2023"]
[Site "https://www.chess.com"]
[Date "2023.12.05"]
[Round "8"]
[White "Rakhmanov, Aleksandr"]
[Black "Kozak, Antoni"]
[Result "0-1"]
[Board "27"]
[TimeControl "180+1"]
[WhiteFideId "4173708"]
[BlackFideId "21832030"]
[WhiteElo "2901"]
[BlackElo "2717"]
[WhiteTeam "FID"]
[BlackTeam "POL"]
[WhiteClock "0:00:00"]
[BlackClock "0:00:09"]

1. c4 Nf6 2. Nc3 c5 3. g3 d5 4. cxd5 Nxd5 5. Bg2 Nc7 6. b3 e5 7. Bb2 Bd6 8. Rc1 O-O 9. Ne4 Ne6 10. Ba3 Na6 11. Nxd6 Qxd6 12. Nf3 Bd7 13. O-O Bc6 14. e3 Rfd8 15. d4 exd4 16. exd4 Nxd4 17. Nxd4 Bxg2 18. Kxg2 Qxd4 19. Qf3 Qd5 20. Rfe1 Qxf3+ 21. Kxf3 b6 22. Re7 Kf8 23. Rb7 Rdb8 24. Rd7 Ke8 25. Rd5 Rd8 26. Re1+ Kf8 27. Rde5 Re8 28. Bb2 f6 29. R5e4 Nb4 30. a3 Nd3 31. Rxe8+ Rxe8 32. Rxe8+ Kxe8 33. Bc3 Kd7 34. Ke3 Ne5 35. h3 Ke6 36. g4 Nc6 37. f4 g6 38. a4 f5 39. Kd3 Kd5 40. Bd2 Nd4 41. b4 c4+ 42. Ke3 a6 43. Bc3 Nc6 44. Kf3 b5 45. axb5 axb5 46. Ke3 Ne7 47. Bf6 Nc8 48. Bc3 Nd6 49. Bd2 Ne4 50. Be1 Nf6 51. Bc3 Ke6 52. g5 Nd5+ 53. Kd4 Nxf4 54. Kc5 Nd5 55. Be1 c3 56. Kxb5 c2 57. Bd2 f4 58. Kc4 f3 59. Kd3 Nxb4+ 60. Ke3 Na2 61. Kxf3 c1=Q 62. Bxc1 Nxc1 63. Ke4 Nb3 64. h4 Nc5+ 65. Kf4 Nd7 66. Kg4 Ne5+ 67. Kf4 Kd5 68. h5 Ke6 69. hxg6 hxg6 70. Ke4 Nf7 71. Kf4 Kd5 72. Kg4 Ke5 0-1

[Event "December 5 Early 2023"]
[Site "https://www.chess.com"]
[Date "2023.12.05"]
[Round "8"]
[White "Harutjunyan, Gevorg"]
[Black "Sahakyan, Aleks"]
[Result "1-0"]
[Board "28"]
[TimeControl "180+1"]
[WhiteFideId "13300873"]
[BlackFideId "13316338"]
[WhiteElo "2889"]
[BlackElo "2732"]
[WhiteTeam "ARM"]
[BlackTeam "ARM"]
[WhiteClock "0:00:13"]
[BlackClock "0:00:01"]

1. d4 Nf6 2. Nf3 d5 3. g3 g6 4. Bg2 Bg7 5. O-O O-O 6. c4 c6 7. Qb3 dxc4 8. Qxc4 Be6 9. Qd3 Bf5 10. Qb3 Qb6 11. Nbd2 Na6 12. Nc4 Qxb3 13. axb3 Rfd8 14. Nfe5 Nb4 15. e3 Nd7 16. Nxd7 Rxd7 17. Bd2 Nc2 18. Ra5 Bd3 19. Rc1 Bxd4 20. exd4 Nxd4 21. Ne5 Ne2+ 22. Kh1 Nxc1 23. Nxd7 Nxb3 24. Ra3 Nxd2 25. Rxd3 Nc4 26. Rb3 Nb6 27. Nc5 Rd8 28. Bf1 Rd2 29. Kg1 Kg7 30. Nxb7 Na4 31. Na5 Nxb2 32. Nxc6 e6 33. Nxa7 Rc2 34. Nb5 Nd1 35. Nd6 Nxf2 36. Rb7 Ng4 37. Rxf7+ Kh6 38. h3 Ne5 39. Rf2 Rxf2 40. Kxf2 Kg7 41. Ke3 Nd7 42. Bc4 Kf6 43. Ne4+ Ke5 44. Ng5 Nf8 45. h4 Kf6 46. Kf4 h6 47. Ne4+ Ke7 48. Nc5 Kd6 49. Nd3 Nd7 50. Bb5 Nf6 51. Kf3 e5 52. Nf2 Kd5 53. Bd3 g5 54. hxg5 hxg5 55. Bf5 Kd4 56. g4 Ne8 57. Ne4 Nc7 58. Nxg5 Nb5 59. Ne6+ Kd5 60. g5 Nd6 61. Kg4 e4 62. g6 Ne8 63. Kf4 e3 64. Nc7+ Nxc7 65. g7 e2 66. g8=Q+ Kd4 67. Qg1+ Kc3 68. Qe1+ 1-0

[Event "December 5 Early 2023"]
[Site "https://www.chess.com"]
[Date "2023.12.05"]
[Round "8"]
[White "Gokerkan, Cem Kaan"]
[Black "Hambleton, Aman"]
[Result "1-0"]
[Board "29"]
[TimeControl "180+1"]
[WhiteFideId "6336760"]
[BlackFideId "2606577"]
[WhiteElo "2867"]
[BlackElo "2712"]
[WhiteTeam "TUR"]
[BlackTeam "CAN"]
[WhiteClock "0:00:08"]
[BlackClock "0:00:00"]

1. e4 b6 2. d4 Bb7 3. Bd3 e6 4. Nf3 d5 5. exd5 Qxd5 6. Nc3 Bb4 7. O-O Bxc3 8. bxc3 Nf6 9. Ba3 Nbd7 10. Re1 c5 11. dxc5 Nxc5 12. Bb5+ Nfd7 13. Qe2 O-O-O 14. Rad1 Qh5 15. Nd4 Qxe2 16. Bxe2 a6 17. f3 h6 18. Rb1 Kc7 19. Bc1 g5 20. Be3 Nf6 21. Bf2 Nd5 22. Bg3+ Nf4 23. Bf1 Rhe8 24. h4 Bc8 25. Re4 Nxe4 26. fxe4 e5 27. Nf3 f6 28. Bf2 Rd6 29. c4 Ne6 30. Ne1 Nc5 31. Nd3 Nxe4 32. Be3 Rc6 33. Nb4 Rd6 34. Nd5+ Rxd5 35. cxd5 b5 36. c4 bxc4 37. Bxc4 Nd6 38. Bb3 Bd7 39. Rc1+ Kd8 40. Bc5 Ke7 41. Ba3 Rc8 42. Re1 a5 43. Re3 a4 44. Bd1 Rb8 45. hxg5 hxg5 46. Kh2 Rb5 47. Bf3 Rb1 48. Rc3 Ra1 49. Bb4 Rxa2 50. Rc7 Rb2 51. Rb7 Rb3 52. Rb6 a3 53. Bxd6+ Kf7 54. Rxb3 a2 55. Ra3 a1=Q 56. Rxa1 1-0

[Event "December 5 Early 2023"]
[Site "https://www.chess.com"]
[Date "2023.12.05"]
[Round "8"]
[White "Csonka, Balazs"]
[Black "Kuzubov, Yuriy"]
[Result "0-1"]
[Board "30"]
[TimeControl "180+1"]
[WhiteFideId "742910"]
[BlackFideId "14112906"]
[WhiteElo "2709"]
[BlackElo "2860"]
[WhiteTeam "HUN"]
[BlackTeam "UKR"]
[WhiteClock "0:00:00"]
[BlackClock "0:00:14"]

1. d4 Nf6 2. c4 e6 3. Nf3 d5 4. Nc3 Nbd7 5. Bg5 h6 6. Bh4 Be7 7. e3 O-O 8. Rc1 a6 9. cxd5 exd5 10. Bd3 c6 11. O-O Ne4 12. Bxe7 Qxe7 13. Qc2 Ng5 14. Nd2 Nf6 15. Rce1 Re8 16. f3 Qd8 17. Nb3 a5 18. a4 b6 19. Kh1 Be6 20. Qf2 Rc8 21. Nd2 c5 22. h4 Ngh7 23. g4 Qd6 24. Rg1 g6 25. Nb5 Qe7 26. g5 hxg5 27. hxg5 Nh5 28. f4 Bd7 29. Nf3 Bxb5 30. axb5 cxd4 31. Nxd4 Nf8 32. f5 Qe5 33. Ref1 Rc7 34. Rg4 Qxe3 35. fxg6 Qxf2 36. Rxf2 Nxg6 37. Bxg6 fxg6 38. Nc6 Rf7 39. Rxf7 Kxf7 40. Rd4 Ke6 41. Kg2 Kd6 42. Rd2 Kc5 43. Nd4 Re4 44. Kf3 Rxd4 0-1